 Dungeon Crawl Stone Soup version 0.27.1-34-g3ba077fa99 (webtiles) character file.

Game seed: 4696034352446732067

174 szrap the Ruffian (level 5, -1/53 HPs)
             Began as an Ogre Transmuter on Jan 27, 2022.
             Slain by an orc (2 damage)
             ... on level 4 of the Dungeon.
             The game lasted 00:06:08 (2260 turns).

szrap the Ruffian (Ogre Transmuter)                 Turns: 2260, Time: 00:06:09

Health: -1/53      AC:  3    Str: 14    XL:     5   Next: 54%
Magic:  6/9        EV: 10    Int: 15    God:
Gold:   18         SH:  0    Dex:  9    Spells: 4/10 levels left

rFire    + . .     SeeInvis +     - Unarmed
rCold    . . .     Faith    .   (no shield)
rNeg     . . .     Spirit   .   a - +0 robe
rPois    .         Reflect  .   (helmet currently unavailable)
rElec    .         Harm     .   (no cloak)
rCorr    .         Rampage  .   (gloves unavailable)
Will     .....                  (boots unavailable)
Stlth    +.........             (no amulet)
HPRegen  0.17/turn              e - ring of protection from fire
MPRegen  0.11/turn              b - ring of see invisible

@: appendages, wereblooded
A: horns 2, talons 2, large, unfitting armour, tough skin 1
a: End Transformation


You were on level 4 of the Dungeon.
You had temporarily grown beastly horns and talons.
You visited 1 branch of the dungeon, and saw 3 of its levels.

You collected 18 gold pieces.

Inventory:

Missiles
 c - 6 javelins
Armour
 a - a +0 robe (worn)
 d - a +0 kite shield
Jewellery
 b - a ring of see invisible (right hand)
 e - a ring of protection from fire (left hand)


   Skills:
 * Level 3.5 Fighting
 + Level 2.3 Dodging
 + Level 3.7 Unarmed Combat
 - Level 3.0 Spellcasting
 + Level 2.8 Transmutations


You had 4 spell levels left.
You knew the following spells:

 Your Spells              Type           Power      Damage    Failure   Level
a - Beastly Appendage     Tmut           20%        N/A       6%          1
b - Wereblood             Tmut           10%        N/A       10%         2
c - Spider Form           Tmut/Pois      3%         N/A       32%         3

Your spell library contained the following spells:

 Spells                   Type           Power      Damage    Failure   Level
 Ice Form                 Ice/Tmut       6%         N/A       73%         4


Dungeon Overview and Level Annotations

Branches:
Dungeon (2/15)

Altars:
Kikubaaqudgha


Innate Abilities, Weirdness & Mutations

You have temporarily grown beastly horns and talons.
You are too large for most types of armour.
You have tough skin. (AC +1)


Message History

The orc wizard closely misses you. The orc hits you with a +0 hand axe.
* * * LOW HITPOINT WARNING * * *
You barely miss the adder. Your kick misses the adder.
Your headbutt misses the adder.
The adder is severely wounded.
You feel sick. The adder closely misses you. The orc completely misses you.
The orc hits you but does no damage. The orc wizard barely misses you.
The adder bites you but does no damage.
It was a potion of curing.
You feel better.
Your horns disappear.
Your talons disappear.
The orc hits you with a +0 hand axe.
An orc comes into view. It is wielding a +0 dagger.
The orc barely misses you. The adder bites you but does no damage.
The orc closely misses you.
The orc wizard hits you but does no damage.
You completely miss the adder.
The adder is severely wounded.
The orc closely misses you. The adder barely misses you.
The orc hits you with a +0 whip.
* * * LOW HITPOINT WARNING * * *
The orc misses you.
The orc wizard hits you with a +0 dagger.
* * * LOW HITPOINT WARNING * * *
Casting: Wereblood (safe; 10% risk of failure)
Confirm with . or Enter, or press ? or * to list all spells.
You grow a pair of large bovine horns.
Your feet morph into talons.
The orc hits you with a +0 hand axe.
* * * LOW HITPOINT WARNING * * *
The adder barely misses you. The orc barely misses you.
The orc hits you with a +0 club.
* * * LOW HITPOINT WARNING * * *
The orc wizard closely misses you.
You punch the adder!
You feel a bit better.
You kill the adder!
The orc hits you with a +0 hand axe.
* * * LOW HITPOINT WARNING * * *
The orc hits you with a +0 whip.
* * * LOW HITPOINT WARNING * * *
The orc hits you with a +0 club.
You die...

############
#..........#
#..........#
#..........########
#.................#
#......oo.........####
#.....oo@o............
#....####.............
#....# #....#'#......
......# #o...#.†......
#....o.#
#....###......
#......# ........
......
###.........>.....
..... ................
...?. ....o........
....


You could see an orc wizard (invisible) and 5 orcs.

Vanquished Creatures
  A necrophage (D:4)
  Jessica (D:2)
  2 adders
  2 dart slugs (D:1)
  4 ball pythons (D:1)
  3 bats (D:1)
  4 endoplasms
  2 giant cockroaches
  8 goblins
  8 hobgoblins
  3 kobolds (D:1)
  A frilled lizard (D:1)
  11 rats
50 creatures vanquished.

Notes
Turn   | Place    | Note
-------+----------+-------------------------------------------
     0 | D:1      | szrap the Ogre Transmuter began the quest for the Orb.
     0 | D:1      | Reached XP level 1. HP: 19/19 MP: 3/3
   129 | D:1      | Reached XP level 2. HP: 7/28 MP: 3/5
   468 | D:1      | Learned a level 2 spell: Wereblood
   745 | D:1      | Reached XP level 3. HP: 35/35 MP: 2/6
  1377 | D:2      | Found an ancient bone altar of Kikubaaqudgha.
  1717 | D:2      | Noticed Jessica
  1723 | D:2      | Killed Jessica
  1724 | D:2      | Reached XP level 4. HP: 41/44 MP: 4/8
  1871 | D:2      | Learned a level 3 spell: Spider Form
  2058 | D:2      | You fall into a shaft and drop 2 floors!
  2060 | D:4      | Noticed a necrophage
  2076 | D:4      | Killed a necrophage
  2077 | D:4      | Reached XP level 5. HP: 29/53 MP: 6/9
  2260 | D:4      | HP: 1/53 [orc (5)]
  2260 | D:4      | Slain by an orc

Illustrated notes

Levels and vault maps discovered:
D:1:      nicolae_arrival_washed_ashore, layout_loops_ring, minmay_pentomino_s4
D:2:      layout_loops_ring, kennysheep_flooded_box, minmay_rat_gold_closets,
          uniq_jessica
D:4:      layout_basic, amethyst_overflow_temple_binary,
          minmay_temple_entry_arrows, serial_shops, kennysheep_little_box,
          uniq_crazy_yiuf_cottage

Skill      XL: |  1  2  3  4 |
---------------+-------------+-----
Unarmed Combat | 3 |  3.7
Fighting       | 2 3 |  3.5
Transmutations | 2 |  2.8
Dodging        | 2 |  2.3
Spellcasting   | 3 |  3.0

Action                   |  1- 3 |  4- 6 || total
-------------------------+-------+-------++-------
Melee: Unarmed           |    99 |    63 ||   162
       Kick              |    17 |    12 ||    29
       Headbutt          |     8 |     4 ||    12
 Cast: Beastly Appendage |    21 |    10 ||    31
       Wereblood         |    10 |     8 ||    18
  Use: Scroll            |     1 |       ||     1
       Potion            |       |     1 ||     1
Armor: Robe              |    35 |    17 ||    52
Dodge: Dodged            |    44 |    44 ||    88
